 Dungeon Crawl Stone Soup version 0.21-a0-200-gb89f83b (webtiles) character file.

95 nikopol the Firebug (level 4, -4/24 HPs)
             Began as a Deep Elf Fire Elementalist on Aug 16, 2017.
             Killed by nerve-wracking pain
             ... invoked by an orc priest
              (14 damage)
             ... on level 3 of the Dungeon.
             The game lasted 00:05:56 (2132 turns).

nikopol the Firebug (Deep Elf Fire Elementalist)    Turns: 2132, Time: 00:05:57

Health: -4/24      AC:  2    Str:  5    XL:     4   Next: 39%
Magic:  7/12       EV: 13    Int: 21    God:
Gold:   180        SH:  0    Dex: 15    Spells: 5/11 levels left

rFire    . . .     SeeInvis .   (no weapon)
rCold    . . .     Gourm    .   (no shield)
rNeg     . . .     Faith    .   a - +0 robe
rPois    .         Spirit   .   (no helmet)
rElec    .         Reflect  .   (no cloak)
rCorr    .         Harm     .   (no gloves)
MR       .....                  (no boots)
Stlth    ++........             (no amulet)
HPRegen  0.08/turn              (no ring)
MPRegen  0.13/turn              (no ring)

@: no status effects
A: no striking features
a: no special abilities


You were on level 3 of the Dungeon.
You were hungry.

You visited 1 branch of the dungeon, and saw 3 of its levels.

You collected 180 gold pieces.

Inventory:

Armour
 a - a +0 robe (worn)
Jewellery
 j - a +1 ring of evasion {unknown}
 l - an uncursed ring of protection from cold {unknown}
Scrolls
 d - a scroll of noise {unknown}
 g - 3 scrolls of enchant weapon {unknown}
 h - a scroll of magic mapping {unknown}
 i - a scroll of identify {unknown}
 k - 2 scrolls of remove curse {unknown}
 p - 3 scrolls of fog {unknown}
Potions
 e - 3 potions of degeneration {unknown}
 f - a potion of haste {unknown}
 n - 2 potions of heal wounds {unknown}
 o - 2 potions of curing {unknown}
 q - 2 potions of lignification {unknown}
Books
 b - a book of Flames

   Spells                             Type                      Level
   a - Flame Tongue                   Conjuration/Fire             1
   b - Throw Flame                    Conjuration/Fire             2
   c - Conjure Flame                  Conjuration/Fire             3
   d - Inner Flame                    Hexes/Fire                   3
   e - Sticky Flame                   Conjuration/Fire             4
   f - Fireball                       Conjuration/Fire             5
Comestibles
 c - a bread ration


   Skills:
 + Level 2.8 Dodging
 + Level 2.7 Stealth
 + Level 4.2 Spellcasting
 + Level 1.9 Conjurations
 + Level 4.5 Fire Magic


You had 5 spell levels left.
You knew the following spells:

 Your Spells              Type           Power        Failure   Level  Hunger
a - Flame Tongue          Conj/Fire      ###..        3%          1    None
b - Throw Flame           Conj/Fire      ###...       4%          2    #......
c - Conjure Flame         Conj/Fire      ###.....     10%         3    ###....


Dungeon Overview and Level Annotations

Branches:
Dungeon (3/15)

Altars:
Gozag


Message History

The orc priest calls down the wrath of Beogh upon you.
Pain shoots through your body!
Ouch! That really hurt!
Casting: Throw Flame
Confirm with . or Enter, or press ? or * to list all spells.
Aiming: Throw Flame
Press: ? - help, Shift-Dir - straight line, f/p - orc priest
Aim: an orc priest, wielding a club (heavily wounded)
The puff of flame hits the orc priest.
The orc priest is almost dead.
Casting: Throw Flame
Confirm with . or Enter, or press ? or * to list all spells.
Aiming: Flame Tongue
Press: ? - help, Shift-Dir - straight line, f/p - orc priest
Aim: an orc priest, wielding a club (almost dead)
The flame tongue misses the orc priest.
The orc priest invokes the aid of Beogh against you.
Pain shoots through your body!
Ouch! That really hurt!
You die...

#.....# #.#......#..... #.....#
#.#[...........
#.....#####.#.#.......#..
#...>..#..#...........#.# #+#
#.####'#..#...#.#.#.###.. #.# #.#
#.......#.#.#........ #.# #.#
#.....#.....#.###.#.. #.# #.#
#.........###.#...#.. ####.# #.#
#...@...#.# #.....#.. #....###.#
#.....#...# #...#.#..
#....'...###.....#.#####.#.#.#.#
#....##....#o##.##.#.....#+#....
#....##....'.##....#.)..........
##...g##....#########........#.#.
##.g..##....#......##..........#.
##....##....#...(..#...#########.
##....##....#......#.#.....(.....


You could see an orc priest.

Vanquished Creatures
  An orc wizard (D:3)
  2 adders (D:2)
  An ooze (D:1)
  A worm (D:2)
  2 dart slugs (D:1)
  A leopard gecko (D:3)
  3 orcs (D:3)
  6 bats
  2 giant cockroaches
  5 goblins
  4 hobgoblins
  A quokka (D:2)
  6 frilled lizards
  3 kobolds (D:1)
  2 rats
40 creatures vanquished.

Notes
Turn   | Place    | Note
-------+----------+-------------------------------------------
     0 | D:1      | nikopol the Deep Elf Fire Elementalist began the quest for the Orb.
     0 | D:1      | Reached XP level 1. HP: 10/10 MP: 6/6
   299 | D:1      | Reached XP level 2. HP: 15/15 MP: 2/8
   975 | D:2      | Reached XP level 3. HP: 19/19 MP: 7/10
  1089 | D:2      | Found an opulent altar of Gozag.
  1672 | D:2      | Learned a level 2 spell: Throw Flame
  1676 | D:2      | Learned a level 3 spell: Conjure Flame
  1873 | D:3      | Reached XP level 4. HP: 14/24 MP: 5/11
  2132 | D:3      | Killed from afar by an orc priest

Vault maps used:
D:1:      sevenhm_arrival_forest_fort_large_2
D:2:      kennysheep_pointless_box,
          nicolae_gozag_cash_rules_everything_around_me

Skill      XL: |  1  2  3  4 |
---------------+-------------+-----
Fire Magic     | 4 |  4.5
Spellcasting   | 4 |  4.2
Dodging        | |  2.8
Stealth        | |  2.7
Conjurations   | |  1.9

Action                   |  1- 3 |  4- 6 || total
-------------------------+-------+-------++-------
 Cast: Flame Tongue      |    64 |     6 ||    70
       Throw Flame       |       |     3 ||     3
       Conjure Flame     |       |     1 ||     1
  Eat: Chunk             |     3 |       ||     3
Armor: Robe              |     3 |       ||     3
Dodge: Dodged            |     7 |       ||     7
